Map: 블루시프트 LE

Players

合法萝莉 - Winner!

  • Race: Terran Terran
  • League: Gold
  • Spawn Location: 7:00

인공지능 칸 (아주 어려움)

  • Race: Protoss Protoss
  • Spawn Location: 1:00

VOD

Have the link to the VOD?

Description

Time

  • Played on: Sept. 23, 2018, 4:30 a.m.
  • Length: 4:27
Show
View Real Time Build Order
Export as new Build Order

合法萝莉 Terran - Winner!

Build Orders:  

Get SALT Encoding   

  12  0:01  SCV  
  13  0:13  SCV  
  14  0:18  Supply Depot  
  14  0:25  SCV  
  15  0:31  Refinery  
  15  0:40  SCV  
  16  0:51  Barracks  
  16  0:59  SCV  
  17  1:08  Barracks  
  17  1:14  SCV  
  18  1:20  Refinery  
  18  1:26  SCV  
  19  1:40  Ghost Academy  
  19  1:44  SCV  
  20  1:54  Supply Depot  
  20  1:57  Barracks Tech Lab  
  20  2:00  Barracks Tech Lab  
  20  2:16  Ghost  
  22  2:24  Marauder  
  24  2:45  Ghost  
  24  2:46  Marauder  
  24  2:50  Concussive Shells  
  28  2:58  Supply Depot  
  28  3:07  Marauder  
  30  3:20  Marauder  
  32  3:29  Marauder  
  34  3:41  Marauder, Supply Depot  
  36  3:59  Marauder  
  38  4:03  Marauder  
Show
View Real Time Build Order
Export as new Build Order

인공지능 칸 (아주 어려움) Protoss 

Build Orders:  

Get SALT Encoding   

  12  0:00  Probe  
  13  0:13  Probe  
  14  0:19  Pylon  
  14  0:25  Probe  
  15  0:33  Probe  
  15  0:42  Probe  
  16  0:47  Assimilator  
  17  0:50  Gateway  
  17  0:51  Probe  
  18  0:59  Probe, Pylon  
  19  1:07  Probe  
  20  1:18  Probe  
  21  1:30  Probe  
  22  1:37  Zealot  
  24  1:42  Probe  
  25  1:48  Nexus  
  25  1:59  Cybernetics Core  
  25  2:01  Probe  
  26  2:13  Probe  
  27  2:19  Warp Gate  
  27  2:25  Probe  
  27  2:27  Pylon  
  28  2:36  Stalker  
  30  2:37  Gateway, Probe  
  30  2:41  Assimilator  
  31  2:49  Probe  
  32  2:57  Robotics Facility  
  32  3:06  Adept  
  34  3:15  Forge  
  32  3:27  Stalker  
  33  3:38  Stalker  
  34  3:45  Observer  
  32  3:50  Photon Cannon  
  31  4:07  Probe  
  27  4:13  Probe  
Tags
 
Add a new tag
Caveats
  • Supply blocks, unpowered buildings, or Contaminate may cause inaccurate times.
  • Supply counts are checked every 10 seconds.